Cogmind - Beta 15 @@@ ROGUE MODE // 2025.08.05 @ 05:14:31 Player: shapeshifter Result: Destroyed by S-27 Virus with Autogun Performance ------------- Evolutions (3) 1500 Regions Visited (7) 1400 Robots Destroyed (0) 0 Value Destroyed (0) 0 Prototype IDs (1) 20 Alien Tech Used (0) 0 Bonus (834) 834 TOTAL SCORE: 3754 Bonus ------- Pacifist 834 Cogmind --------- Core Integrity 0/700 Matter 265/300 Energy 99/100 System Corruption 0% Temperature Cool (0) Movement Core (50) Location -7/Lower Caves Parts ------- > --- POWER (2) -------- (None) > --- PROPULSION (6) --- (None) > --- UTILITY (3) ------ Enhanced Optical Array Focal Shield > --- WEAPON (2) ------- (None) > --- INVENTORY (5) ---- Ion Engine Small Storage Unit Large Storage Unit Light Regenerative Plating Peak State ------------ > --- POWER ------------ (None) > --- PROPULSION ------- (None) > --- UTILITY ---------- Enhanced Optical Array Light Regenerative Plating Focal Shield > --- WEAPON ----------- (None) > --- INVENTORY -------- Ion Engine Small Storage Unit Large Storage Unit [Rating: 16] Favorites ----------- Power None Propulsion None Utility Focal Shield Device Focal Shield Processor Enhanced Optical Array Protection Light Regenerative Plating Weapon None Build | -11 -10 -9 -8 -8 -7 -7 -7 ------- Run | Yrd Mat Mat Mat Sto Fac Low Low Slots Evolved 6 | . . 2 2 . 2 . . Power 1 | . . . 1 . . . . Propulsion 4 | . . 2 . . 2 . . Utility 1 | . . . 1 . . . . Weapon . | . . . . . . . . Parts Attached 5 | . 1 . . . . 1 3 Power . | . . . . . . . . Engine . | . . . . . . . . Core . | . . . . . . . . Reactor . | . . . . . . . . Propulsion . | . . . . . . . . Treads . | . . . . . . . . Leg . | . . . . . . . . Wheel . | . . . . . . . . Hover . | . . . . . . . . Flight . | . . . . . . . . Utility 5 | . 1 . . . . 1 3 Device 3 | . 1 . . . . 1 1 Storage . | . . . . . . . . Processor 1 | . . . . . . . 1 Hackware . | . . . . . . . . Protection 1 | . . . . . . . 1 Artifact . | . . . . . . . . Weapon . | . . . . . . . . Energy Gun . | . . . . . . . . Energy Cannon . | . . . . . . . . Ballistic Gun . | . . . . . . . . Ballistic Cannon . | . . . . . . . . Launcher . | . . . . . . . . Special Weapon . | . . . . . . . . Impact Weapon . | . . . . . . . . Slashing Weapon . | . . . . . . . . Piercing Weapon . | . . . . . . . . Special Melee Weapon . | . . . . . . . . Unidentified Prototypes 1 | . . . . . . . 1 Parts Lost 2 | . 1 . . . . 1 . Power . | . . . . . . . . Propulsion . | . . . . . . . . Utility 2 | . 1 . . . . 1 . Weapon . | . . . . . . . . Highest Loss Streak 1 | . 1 . . . . 1 . To Critical Strikes . | . . . . . . . . Average Backups 4 | 2 4 4 4 4 5 5 4 Power 1 | 1 2 2 2 2 2 1 1 Propulsion . | . . . . . . . . Utility 2 | . 2 2 2 2 3 3 3 Weapon . | . . . . . . . . Tool/Special . | . . . . . . . . Unused Backups 5 | . . 1 . . . 1 3 Power 2 | . . . . . . 1 1 Propulsion . | . . . . . . . . Utility 3 | . . 1 . . . . 2 Weapon . | . . . . . . . . Tool/Special . | . . . . . . . . Average Slot Usage (%) 5 | . 11 . . . . 4 13 Device 4 | . 11 . . . . 4 7 Processor 1 | . . . . . . . 5 Peak Build Rating 16 | . 1 . . 1 1 6 16 Average Rating 3 | . . . . . 1 4 9 On Entrance . | . . . . . 1 1 1 Naked Turns 247 | . 9 64 31 73 35 35 . Heaviest Build 1 | . 1 . . . . 1 1 Greatest Support 3 | 3 3 3 3 3 3 3 3 Greatest Overweight (x) . | . . . . . . . . Average Overweight (x) . | . . . . . . . . Largest Inventory Capacity 5 | 5 5 5 5 5 5 5 5 Average Capacity 5 | 5 5 5 5 5 5 5 5 Most Carried 5 | 4 5 4 4 5 5 5 5 Average Carried 4 | 2 4 4 4 4 5 4 4 Final Capacity 5 | 5 5 5 5 5 5 5 5 Final Carried 5 | 3 5 4 4 5 5 5 4 Class Distribution -------------------- 100% | Mutant Dominant Class ---------------- Mutant | -10/Materials Mutant | -9/Materials Mutant | -8/Materials Mutant | -8/Storage Mutant | -7/Factory Mutant | -7/Lower Caves Mutant | -7/Lower Caves Resources | -11 -10 -9 -8 -8 -7 -7 -7 ----------- Run | Yrd Mat Mat Mat Sto Fac Low Low Matter Collected 200 | 200 . . . . . . . Remotely . | . . . . . . . . Salvage Created . | . . . . . . . . Parts . | . . . . . . . . Haulers Intercepted . | . . . . . . . . Recyclers Shooed . | . . . . . . . . Parts Field Recycled . | . . . . . . . . Retrieved Matter . | . . . . . . . . Parts Self-Destructed . | . . . . . . . . Prevented . | . . . . . . . . Kills | -11 -10 -9 -8 -8 -7 -7 -7 ------- Run | Yrd Mat Mat Mat Sto Fac Low Low Combat Hostiles Destroyed . | . . . . . . . . Classes Destroyed . | . . . . . . . . Best Kill Streak . | . . . . . . . . Combat Bots Only . | . . . . . . . . Max Kills in Single Turn . | . . . . . . . . Gunslinging . | . . . . . . . . Exploded . | . . . . . . . . Melee . | . . . . . . . . Uniques/NPCs Destroyed . | . . . . . . . . Combat | -11 -10 -9 -8 -8 -7 -7 -7 -------- Run | Yrd Mat Mat Mat Sto Fac Low Low Hostile Shots Fired 267 | . 19 41 18 63 . 61 65 Missed 127 | . 6 17 7 32 . 33 32 Hits 140 | . 13 24 11 31 . 28 33 Projectile 140 | . 13 24 11 31 . 28 33 Critical Strikes 3 | . 1 1 . . . 1 . Damage Taken 1591 | . 195 232 86 311 . 399 368 Core 1510 | . 174 232 86 311 . 363 344 Absorbed by Shields . | . . . . . . . . Ignored by Resistances 153 | . . . . . . 57 96 Core Remaining (%) 49 | 100 30 42 . 27 . . . Volleys Fired . | . . . . . . . . Largest . | . . . . . . . . Hottest . | . . . . . . . . Shots Fired . | . . . . . . . . Gun . | . . . . . . . . Cannon . | . . . . . . . . Launcher . | . . . . . . . . Special . | . . . . . . . . Kinetic . | . . . . . . . . Thermal . | . . . . . . . . Explosive . | . . . . . . . . Electromagnetic . | . . . . . . . . Robot Hit Streak . | . . . . . . . . Robot Miss Streak . | . . . . . . . . Penetration Max . | . . . . . . . . Secondary Targets . | . . . . . . . . Shots Hit Robots . | . . . . . . . . Core Hits 2 | . . . 1 1 . . . Critical Kills . | . . . . . . . . Critical Parts Destroyed . | . . . . . . . . Critical Strikes . | . . . . . . . . Melee Attacks . | . . . . . . . . Impact . | . . . . . . . . Slashing . | . . . . . . . . Piercing . | . . . . . . . . Sneak Attacks . | . . . . . . . . Combat Hostiles . | . . . . . . . . Follow-up Attacks . | . . . . . . . . Damage Inflicted 19 | . . . 6 12 1 . . Guns . | . . . . . . . . Cannons . | . . . . . . . . Explosions . | . . . . . . . . Melee . | . . . . . . . . Ramming 19 | . . . 6 12 1 . . Kinetic . | . . . . . . . . Thermal . | . . . . . . . . Explosive . | . . . . . . . . Electromagnetic . | . . . . . . . . Impact . | . . . . . . . . Slashing . | . . . . . . . . Piercing . | . . . . . . . . Highest Corruption 1 | . 1 . . . . . . Average Corruption 1 | . 1 . . . . . . Corruption Purged . | . . . . . . . . Corruption Blocked . | . . . . . . . . Effects 1 | . 1 . . . . . . Matter Fused 1 | . 1 . . . . . . Overload Shots . | . . . . . . . . Overflow Damage . | . . . . . . . . Projectiles . | . . . . . . . . Explosions . | . . . . . . . . Melee . | . . . . . . . . Knockbacks . | . . . . . . . . Impact . | . . . . . . . . Kinetic . | . . . . . . . . Secondary . | . . . . . . . . Self-Inflicted Damage 8 | . . . 3 5 . . . Shots . | . . . . . . . . Rammed 8 | . . . 2 5 1 . . Targets Rammed 8 | . . . 2 5 1 . . Kicked . | . . . . . . . . Crushed . | . . . . . . . . Highest Temperature 2 | . 2 . . . . 2 . Average Temperature 2 | . 2 . . . . 2 . Received Heat Transfer 333 | . 102 72 . 18 . 117 24 Siege Activations . | . . . . . . . . Martial Activations . | . . . . . . . . Shielding Activations . | . . . . . . . . Robots Disrupted . | . . . . . . . . Combat Hostiles . | . . . . . . . . Robots Corrupted . | . . . . . . . . Combat Hostiles . | . . . . . . . . Parts Fried . | . . . . . . . . Impact Corruptions . | . . . . . . . . Robots Melted . | . . . . . . . . Combat Hostiles . | . . . . . . . . Parts Melted . | . . . . . . . . Heat Transferred . | . . . . . . . . Parts Sabotaged . | . . . . . . . . Parts Stolen . | . . . . . . . . Parts Stripped . | . . . . . . . . Power Chain Reactions . | . . . . . . . . Alert | -11 -10 -9 -8 -8 -7 -7 -7 ------- Run | Yrd Mat Mat Mat Sto Fac Low Low Maximum Alert Level . | . . . . . . . . Low Security (%) 100 | 100 100 100 100 100 100 . . Level 1 . | . . . . . . . . Level 2 . | . . . . . . . . Level 3 . | . . . . . . . . Level 4 . | . . . . . . . . Level 5 . | . . . . . . . . High Security . | . . . . . . . . Max Security . | . . . . . . . . Peak Influence 110 | . 15 1 7 110 49 . . Initial 49 | . . 1 . 2 49 . . Average 11 | . 1 . 2 29 44 . . Influence Increases 280 | . 30 . 12 133 . 90 15 Successful Hack 25 | . . . 12 13 . . . Partial Spotted 45 | . 15 . . 30 . . . Lose Combat Pursuer 210 | . 15 . . 90 . 90 15 Influence Decreases 267 | . 25 5 5 30 71 69 62 Entered New Map 97 | . . 4 . 5 61 15 12 Time Decay 150 | . 15 1 5 25 10 44 50 Lost Part 20 | . 10 . . . . 10 . Squads Dispatched 5 | . 1 1 . 3 . . . Investigation 1 | . . . . 1 . . . Extermination . | . . . . . . . . Reinforcement 4 | . 1 1 . 2 . . . Assault . | . . . . . . . . Garrison . | . . . . . . . . Intercept . | . . . . . . . . Searches Triggered . | . . . . . . . . Construction Impeded . | . . . . . . . . Haulers Reinforced . | . . . . . . . . Active Scanning Responses . | . . . . . . . . Cargo Convoy Interrupts . | . . . . . . . . Stealth | -11 -10 -9 -8 -8 -7 -7 -7 --------- Run | Yrd Mat Mat Mat Sto Fac Low Low Distress Signals 2 | . . 2 . . . . . Communications Jammed . | . . . . . . . . Distress Signals . | . . . . . . . . Times Spotted 60 | . 8 13 3 19 1 10 6 Peak Tracking Total 16 | . 6 12 3 16 1 10 5 Tactical Retreats 5 | . 1 . . 1 . 2 1 Traps | -11 -10 -9 -8 -8 -7 -7 -7 ------- Run | Yrd Mat Mat Mat Sto Fac Low Low Traps Triggered 2 | . 2 . . . . . . Indirectly . | . . . . . . . . Trap Hack Attempts . | . . . . . . . . Triggered . | . . . . . . . . Disarmed . | . . . . . . . . Reprogrammed . | . . . . . . . . Reused . | . . . . . . . . Traps Extracted . | . . . . . . . . Installed . | . . . . . . . . Triggered . | . . . . . . . . Machines | -11 -10 -9 -8 -8 -7 -7 -7 ---------- Run | Yrd Mat Mat Mat Sto Fac Low Low Machines Disabled . | . . . . . . . . Max in Single Turn . | . . . . . . . . Machines Repaired . | . . . . . . . . Machines Dismantled . | . . . . . . . . Machines Sabotaged . | . . . . . . . . Overloaded Fab Kills . | . . . . . . . . Hacking | -11 -10 -9 -8 -8 -7 -7 -7 --------- Run | Yrd Mat Mat Mat Sto Fac Low Low Machines Accessed 9 | . 2 1 2 3 . 1 . Terminals 7 | . 1 1 2 3 . . . Fabricators . | . . . . . . . . Repair Stations . | . . . . . . . . Recycling Units 1 | . 1 . . . . . . Scanalyzers . | . . . . . . . . Garrison Access . | . . . . . . . . Total Hacks 19 | . 4 4 4 6 . 1 . Successful 10 | . 2 1 2 4 . 1 . Failed 9 | . 2 3 2 2 . . . Catastrophic 1 | . . 1 . . . . . Database Lockouts . | . . . . . . . . Manual 8 | . . 3 . 5 . . . Terminals 17 | . 3 4 4 6 . . . Fabricators . | . . . . . . . . Repair Stations . | . . . . . . . . Recycling Units 1 | . 1 . . . . . . Scanalyzers . | . . . . . . . . Garrison Access . | . . . . . . . . Terminal Hacks 8 | . 1 1 2 3 . 1 . Record 1 | . . . . 1 . . . Robot Analysis 1 | . . 1 . . . . . Open Door 2 | . . . . 1 . 1 . Level Access Points 1 | . . . . 1 . . . Emergency Access Points 1 | . 1 . . . . . . Registered Components 1 | . . . 1 . . . . Zone Layout 1 | . . . 1 . . . . Fabricator Hacks . | . . . . . . . . Repair Station Hacks . | . . . . . . . . Recycling Unit Hacks 1 | . 1 . . . . . . Report Inventory 1 | . 1 . . . . . . Scanalyzer . | . . . . . . . . Garrison Access Hacks . | . . . . . . . . Unauthorized Hacks 1 | . . . . 1 . . . Terminals 1 | . . . . 1 . . . Botnet 1 | . . . . 1 . . . Fabricators . | . . . . . . . . Repair Stations . | . . . . . . . . Recycling Units . | . . . . . . . . Scanalyzers . | . . . . . . . . Garrison Access . | . . . . . . . . Data Cores Recovered . | . . . . . . . . Used . | . . . . . . . . Hacking Detections 5 | . 1 1 2 1 . . . Full Trace Events 2 | . . 1 . 1 . . . Feedback Events . | . . . . . . . . Feedback Blocked . | . . . . . . . . Robot Schematics Acquired . | . . . . . . . . Robots Built . | . . . . . . . . Authchips . | . . . . . . . . Time . | . . . . . . . . Total Robot Build Rating . | . . . . . . . . Part Schematics Acquired . | . . . . . . . . Parts Built . | . . . . . . . . Authchips . | . . . . . . . . Time . | . . . . . . . . Total Part Build Rating . | . . . . . . . . Parts Repaired . | . . . . . . . . Time . | . . . . . . . . Parts Recycled . | . . . . . . . . Recycled Matter . | . . . . . . . . Retrieved Matter . | . . . . . . . . Retrieved Components . | . . . . . . . . Parts Scanalyzed . | . . . . . . . . Part Schematics Acquired . | . . . . . . . . Parts Damaged . | . . . . . . . . Bothacking | -11 -10 -9 -8 -8 -7 -7 -7 ------------ Run | Yrd Mat Mat Mat Sto Fac Low Low Used RIF Installer . | . . . . . . . . Robots Hacked . | . . . . . . . . Non-combat . | . . . . . . . . Combat . | . . . . . . . . Robot Hacks Applied . | . . . . . . . . Relay Couplers Released . | . . . . . . . . Fabnet Peak Effective % . | . . . . . . . . Robots Rewired . | . . . . . . . . Allies Hacked . | . . . . . . . . Hacks Repelled . | . . . . . . . . Allies | -11 -10 -9 -8 -8 -7 -7 -7 -------- Run | Yrd Mat Mat Mat Sto Fac Low Low Total Allies . | . . . . . . . . Largest Group . | . . . . . . . . Highest-Rated Group . | . . . . . . . . Highest-Rated Ally . | . . . . . . . . Total Orders . | . . . . . . . . Ally Attacks . | . . . . . . . . Total Damage . | . . . . . . . . Kills . | . . . . . . . . Allies Corrupted . | . . . . . . . . Allies Melted . | . . . . . . . . Intel | -11 -10 -9 -8 -8 -7 -7 -7 ------- Run | Yrd Mat Mat Mat Sto Fac Low Low Active Infowar (turns) 193 | . 102 . . . . . 91 Optics 91 | . . . . . . . 91 Terrain 102 | . 102 . . . . . . Robot Analysis Total 1 | . . 1 . . . . . Derelict Logs Recovered 1 | . . . . . . 1 . Drone Launches . | . . . . . . . . Drone Recoveries . | . . . . . . . . Exploration | -11 -10 -9 -8 -8 -7 -7 -7 ------------- Run | Yrd Mat Mat Mat Sto Fac Low Low Turns Passed 556 | 22 111 64 31 73 35 114 106 Spaces Moved 1050 | 34 214 126 55 133 67 221 200 Core 1050 | 34 214 126 55 133 67 221 200 Treads . | . . . . . . . . Legs . | . . . . . . . . Wheels . | . . . . . . . . Hover . | . . . . . . . . Flight . | . . . . . . . . Fastest Speed 50 | 50 50 50 50 50 50 50 50 Average Speed 50 | 50 50 50 50 50 50 50 50 Slowest Speed 50 | 50 50 50 50 50 50 50 50 Overloaded Moves . | . . . . . . . . Propulsion Burnouts . | . . . . . . . . Robots Hopped . | . . . . . . . . Potential Cave-ins . | . . . . . . . . Cave-ins Triggered . | . . . . . . . . Exploration Rate (%) 27 | 4 42 21 10 46 4 48 42 Regions Visited 7 Branch Regions 3 Pre-discovered Areas . | . . . . . . . . Known Exits Taken 1 | . . . . 1 . . . Unknown Exits Taken 6 | 1 1 1 1 . 1 1 . Scrap Searched . | . . . . . . . . Spaces Dug . | . . . . . . . . Terrain Destroyed . | . . . . . . . . Melee . | . . . . . . . . Projectile . | . . . . . . . . AOE . | . . . . . . . . Terrain Rammed . | . . . . . . . . Walls Destroyed . | . . . . . . . . Machines Disabled . | . . . . . . . . Actions | -11 -10 -9 -8 -8 -7 -7 -7 --------- Run | Yrd Mat Mat Mat Sto Fac Low Low Total 1073 | 38 217 126 58 138 67 223 206 Wait 3 | . . . 2 . . . 1 Move 1044 | 33 213 125 55 132 66 220 200 Hop . | . . . . . . . . Pick Up 10 | 4 3 . . 1 . 1 1 Fast Attach 1 | . . . . . . 1 . Attach 4 | . 1 . . . . . 3 Detach 1 | . . . . . . . 1 Swap . | . . . . . . . . Drop 3 | 1 . 1 . . . 1 . Fire . | . . . . . . . . Melee . | . . . . . . . . Ram 7 | . . . 1 5 1 . . Kick . | . . . . . . . . Crush . | . . . . . . . . Escape Stasis . | . . . . . . . . Rewire . | . . . . . . . . Trap . | . . . . . . . . Miscellaneous . | . . . . . . . . Route ------- -11/Scrapyard -10/Materials (discovered 2 exits: *Mat / [*Min]) -9/Materials -8/Materials -8/Storage -7/Factory -7/Lower Caves -7/Lower Caves History --------- Turn | Location | Event 14 | -11/Scrapyard | Discovered new exit (range 14) 23 | -11/Scrapyard | Entered Materials 69 | -10/Materials | Discovered new exit (range 15) 117 | -10/Materials | Discovered new exit (range 16) 126 | -10/Materials | Core integrity fell below 50% 134 | -10/Materials | Entered another Materials area 134 | -9/Materials | Evolved 2 slots: Propulsion x2 191 | -9/Materials | Discovered new exit (range 14) 193 | -9/Materials | Core integrity fell below 50% 198 | -9/Materials | Entered another Materials area 198 | -8/Materials | Evolved 2 slots: Power x1, Utility x1 224 | -8/Materials | Discovered new exit (range 6) 229 | -8/Materials | Entered Storage 241 | -8/Storage | Identified exit to Factory 251 | -8/Storage | Found Prototype Protection 285 | -8/Storage | Core integrity fell below 50% 302 | -8/Storage | Entered Factory 302 | -7/Factory | Evolved 2 slots: Propulsion x2 307 | -7/Factory | Build established: Mutant 327 | -7/Factory | Discovered new exit (range 15) 337 | -7/Factory | Entered Lower Caves 354 | -7/Lower Caves | Learned Factory stockpile data 445 | -7/Lower Caves | Discovered new exit (range 13) 447 | -7/Lower Caves | Core integrity fell below 50% 451 | -7/Lower Caves | Entered another Lower Caves area 464 | -7/Lower Caves | Entered a destroyed Warlord outpost 467 | -7/Lower Caves | Identified Lgt. Regenerative Plating 540 | -7/Lower Caves | Attracted the attention of an 0b10 checkpoint 548 | -7/Lower Caves | Core integrity fell below 20% 557 | -7/Lower Caves | Destroyed by S-27 Virus with Autogun Last Messages --------------- LOCATION=UNKNOWN GOAL=ESCAPE 00344_ Critical hit (Burn: +37). 00354_ Acquired derelict log, extracted data. Data stored: Factory stockpile data. 00364_ Connecting with WAR.Sys... 00364_ Current location identified: Lower Caves >>Open Door Sealed Heavy Doors opened. 00365_ Acquired Focal Shield. 00366_ Dropped Ion Engine. 00367_ Acquired Focal Shield. 00444_ Focal Shield destroyed. 00445_ EXIT=FOUND LOCATION=UNKNOWN GOAL=ESCAPE 00465_ Acquired Enh. Optical Array. 00467_ Identified Lgt. Regenerative Plating. 00540_ Y-54 Guardian: "INTERCEPTING UNREGISTERED DERELICT." Map ----- +----------------------------------------------------+ | ???????????????????????????????#####??# #????# | | ??????????????????????????????## #### ###### | | ????????????????????????????### | | ???????????????????????????## ## | | ??????????????????????###### # ############### | | ??????????????????????# #??????###??## | | ??????????????????????# ##### # #??????# #### | | ?????????????????????## ##### # #??##?## | | ?????????????????????# # ### #??# ## | | ?????????????????????# # #?# #??# | | ?????????????????????# # ? #??## ##### | | ?????????????????????# ##### ##??## ##??## | | ?????????????????????# #???# #???######## | | ?????????????????????# #?### #???????# | | ????????????????????## ## ##?????## | | ???????????????????## #### ##?????## | | ???????????????????# ##??????# | | ???????????????????# #???????# | | ???????????????????## ####s ##???????# | | ????????????????????########ss ##?????# | | ????????????????????????## s #?????# | | ????????????????????????# #?????# ### # | | ????????????????????????# ##?????#???# ? | | ???????????????????????## ###??????????# ?? | | ???????????????????????# ##????????????? ??? | | ???????????????????????# @ #?????????????# ? | | ???????????????????????# #????????????# | | ???????????????????????## #????????# ## | | ????????????????????????# ### #?????##????# | | ????????????????????????# #??# #??????????? | | ???????????????????????? #??? #??????????? | | ???????????????????????? ??? #??????????? | | ???????????????????????## ??? #??????????? | | ????????????????????????# ???? #?????????? | | ????????????????????????# #??? ????????? | | ???????????????????????? ??? #???????? | | ???????????????????????? ???# ##???????? | | ????????????????????????# #????# #????????? | | ????????????????????????#####?????#### ????????? | | ?????????????????????????????????????? ????????? | | ?????????????????????????????????????????????????? | | ?????????????????????????????????????????????????? | | ?????????????????????????????????????????????????? | | ?????????????????????????????????????????????????? | | ?????????????????????????????????????????????????? | | ?????????????????????????????????????????????????? | | ?????????????????????????????????????????????????? | | ?????????????????????????????????????????????????? | | ?????????????????????????????????????????????????? | | ?????????????????????????????????????????????????? | +----------------------------------------------------+ Best States ------------- Heat Dissipation 34 Energy Generation 5 Energy Capacity 100 Matter Stores 300 Matter Capacity 300 Sight Range 22 Terrain Scan Range 14 Terrain Scan Density 10 Resistance: KI 20 Evasion (%) 50 Item Schematics ----------------- None Robot Schematics ------------------ None Fabricated ------------ Nothing Repaired ---------- Nothing Alien Tech Used ----------------- None Achievements -------------- None Challenges ------------ None Game ------ Seed LinkedHackingMultitool Manual? 0 Play Time 00:11:52 Cumulative 99.1 hours Start 2025.08.05 @ 05:03:56 End 2025.08.05 @ 05:14:31 Sessions 1 Manual Loads 0 Difficulty Rogue Special Mode None Game No. 177 Rogue 177 Adventurer 0 Explorer 0 Win Type - Total 1 Types 1/0/0/0/0/0/0/0/0/0 Lore% 65 Gallery% 58 Achievement% 43 Wizard Run 0 Options --------- Layout 1 ASCII 0 Keyboard 0 Movement Numpad Keybinds 0 Fullscreen 1 Font 24/Smallcaps Map View 50x35 Zoom Use 0% Tactical HUD 1 Map Filters NONE Filters NONE Steam 1 RUN: f128f65c-8541-45f1-9f4e-12bcd7c3afc1